[Event "Titled Tuesday Blitz June 13 Late 2023"]
[White "Sanal, Vahap"]
[Black "robertoalejandro10"]
[WhiteFideId "6300545"]
[WhiteElo "2606"]
[BlackElo "2603"]
[Result "1-0"]
[Round "2"]
[TimeControl "180+2"]
[Date "2023.06.13"]
[WhiteClock "0:01:41"]
[BlackClock "0:00:38"]
[Board "24"]

1. Nf3 Nf6 2. b3 g6 3. Bb2 Bg7 4. g3 O-O 5. Bg2 c5 6. O-O Nc6 7. e3 d5 8. Ne5 e6 9. Nxc6 bxc6 10. d3 Re8 11. Nc3 Nd7 12. Na4 Bxb2 13. Nxb2 Qf6 14. Na4 a5 15. c4 Qe7 16. Rc1 Ba6 17. Qd2 Reb8 18. Rc2 Nb6 19. Nxb6 Rxb6 20. Qxa5 Rb4 21. Qa3 Qb7 22. Qc1 Qb6 23. Rd1 Rd8 24. h4 d4 25. e4 e5 26. Rf1 Bc8 27. f4 Qc7 28. Rcf2 exf4 29. Rxf4 Be6 30. Kh2 Rb6 31. Bh3 Bxh3 32. Kxh3 Rd7 33. Rf6 Qa7 34. R1f2 Re7 35. Qg5 Qd7+ 36. Kh2 Ra6 37. Qxc5 Kg7 38. h5 Ra7 39. a4 Qg4 40. hxg6 hxg6 41. Qxd4 Rad7 42. Rxf7+ Kh6 43. Qh8+ Kg5 44. Qf6+ Kh6 45. Rxe7 1-0


[Site "https://www.chess.com"]

[Event "Titled Tuesday Blitz June 13 Late 2023"]
[White "ATM622"]
[Black "Rasulov, Vugar"]
[BlackFideId "13402390"]
[WhiteElo "2602"]
[BlackElo "2509"]
[Result "0-1"]
[Round "2"]
[TimeControl "180+2"]
[Date "2023.06.13"]
[WhiteClock "0:00:01"]
[BlackClock "0:00:23"]
[Board "25"]

1. d4 Nf6 2. c4 e6 3. g3 c5 4. d5 exd5 5. cxd5 d6 6. Bg2 b5 7. a4 b4 8. Nf3 g6 9. O-O Bg7 10. Re1 O-O 11. Nbd2 Nbd7 12. Nc4 Nb6 13. Qc2 Ba6 14. Nfd2 Re8 15. Nxb6 axb6 16. Nc4 Ng4 17. h3 Ne5 18. Nxe5 Bxe5 19. e4 c4 20. f4 Bg7 21. Bf1 b3 22. Qf2 c3 23. Bxa6 Rxa6 24. Ra3 b5 25. Rxb3 Rxa4 26. bxc3 Raxe4 27. Rxe4 Rxe4 28. Bd2 Qe8 29. Rb1 h5 30. Re1 f5 31. Rxe4 Qxe4 32. Qg2 Qd3 33. Kh2 Kh7 34. h4 Bf6 35. Kh1 Kg7 36. Kh2 Kh6 37. Kh1 Bxc3 38. Bxc3 Qxc3 39. Kh2 b4 40. Qe2 b3 41. Qe7 b2 42. g4 hxg4 43. Qg5+ Kh7 44. Qe7+ Qg7 45. Qe1 Qb7 46. Qb1 Qb3 47. Qe1 Qc2+ 48. Kg3 Qd3+ 49. Kh2 Qe4 50. Qa5 Qxf4+ 51. Kg2 Qf3+ 52. Kh2 Qh3+ 0-1


[Site "https://www.chess.com"]

[Event "Titled Tuesday Blitz June 13 Late 2023"]
[White "Demidov, Mikhail"]
[Black "Sebag, Marie"]
[WhiteFideId "4197143"]
[BlackFideId "617822"]
[WhiteElo "2500"]
[BlackElo "2431"]
[Result "1-0"]
[Round "2"]
[TimeControl "180+2"]
[Date "2023.06.13"]
[WhiteClock "0:00:06"]
[BlackClock "0:00:00"]
[Board "26"]

1. Nf3 g6 2. g3 Bg7 3. Bg2 c5 4. O-O Nf6 5. b3 O-O 6. Bb2 Nc6 7. c4 d5 8. cxd5 Nxd5 9. Bxg7 Kxg7 10. d4 cxd4 11. Nxd4 Nxd4 12. Qxd4+ Nf6 13. Qe5 Bg4 14. h3 Be6 15. Nc3 Rc8 16. Bxb7 Bxh3 17. Bxc8 Bxf1 18. Bg4 h5 19. Bxh5 Rh8 20. Bf3 Bh3 21. Nd5 Be6 22. Nf4 Bc8 23. Rc1 Qg8 24. Qxe7 Qh7 25. Rc7 Qh2+ 26. Kf1 Rf8 27. Qe5 Bh3+ 28. Nxh3 Rd8 29. Rc1 Qxh3+ 30. Bg2 Qh6 31. e3 g5 32. b4 Qg6 33. b5 Rd2 34. Qc3 Rxa2 35. Kg1 Qf5 36. Rf1 Qxb5 37. e4 Qb2 38. Qc5 Nd7 39. Qxg5+ Kh7 40. Qf5+ Kg7 41. Qxd7 a5 42. Qg4+ Kf8 43. Qc8+ Kg7 44. Qc5 a4 45. Qg5+ Kf8 46. e5 a3 47. Qd8+ Kg7 48. Qf6+ Kg8 49. Bd5 1-0


[Site "https://www.chess.com"]

[Event "Titled Tuesday Blitz June 13 Late 2023"]
[White "Xiong, Jeffery"]
[Black "Sydoryka, Vladyslav"]
[WhiteFideId "2047640"]
[BlackFideId "14145928"]
[WhiteElo "2726"]
[BlackElo "2269"]
[Result "1/2-1/2"]
[Round "2"]
[TimeControl "180+2"]
[Date "2023.06.13"]
[WhiteClock "0:01:49"]
[BlackClock "0:00:17"]
[Board "27"]

1. e4 c6 2. Nf3 d5 3. d3 dxe4 4. dxe4 Qxd1+ 5. Kxd1 f6 6. e5 Bg4 7. Be2 Nd7 8. Bf4 O-O-O 9. Nbd2 Bxf3 10. Bxf3 Nxe5 11. Bxe5 fxe5 12. Re1 g6 13. Rxe5 Bg7 14. Re2 Bxb2 15. Rb1 Bc3 16. Kc1 Bxd2+ 17. Rxd2 Rxd2 18. Kxd2 Nf6 19. Re1 Kd7 20. Kc3 e6 21. a4 Nd5+ 22. Kb3 Rf8 23. Re2 Rf4 24. Rd2 Kc7 25. Re2 Rb4+ 26. Ka3 a5 27. Rxe6 Nc3 28. Re7+ Kb6 29. Rxh7 Nxa4 30. Rg7 1/2-1/2


[Site "https://www.chess.com"]

[Event "Titled Tuesday Blitz June 13 Late 2023"]
[White "Schnaider, Ilan"]
[Black "Zhigalko, Sergei"]
[WhiteFideId "169013"]
[BlackFideId "13502956"]
[WhiteElo "2224"]
[BlackElo "2626"]
[Result "0-1"]
[Round "2"]
[TimeControl "180+2"]
[Date "2023.06.13"]
[WhiteClock "0:00:14"]
[BlackClock "0:00:14"]
[Board "28"]

1. e4 c5 2. Nf3 Nc6 3. Bb5 Nf6 4. e5 Nd5 5. O-O Nc7 6. Bxc6 dxc6 7. Re1 h6 8. c3 Bf5 9. d4 e6 10. Be3 Nd5 11. Nbd2 Be7 12. h3 O-O 13. Nf1 cxd4 14. Nxd4 Bg6 15. Qf3 Qc7 16. Ng3 Rad8 17. Qg4 c5 18. Nxe6 fxe6 19. Qxg6 Nxe3 20. Qxe6+ Kh8 21. Rxe3 c4 22. Rae1 Bc5 23. Rf3 Rxf3 24. gxf3 Rd2 25. Ne4 Rxb2 26. Qd5 Bb6 27. Rf1 Rxa2 28. e6 Ra5 29. Qd2 Re5 30. Rd1 Rxe6 31. Qd5 Rg6+ 32. Kf1 Qf4 33. Ke2 Rg2 34. Rf1 Qe3+ 35. Kd1 Qxf3+ 36. Ke1 Rg6 37. Kd2 Qxh3 38. Re1 Qe6 39. Qxb7 Qg8 40. Kc2 Re6 41. f3 Qf8 42. Qd5 Re7 43. Qd2 Qxf3 44. Ng5 Qd3+ 45. Qxd3 cxd3+ 46. Kd2 Rxe1 47. Nf7+ Kg8 48. Nxh6+ gxh6 49. Kxe1 a5 50. Kd2 a4 51. Kxd3 h5 52. c4 h4 53. c5 Bxc5 54. Kc4 h3 55. Kxc5 h2 56. Kb4 h1=Q 57. Kxa4 Qh5 58. Kb4 Kf7 59. Kc4 Ke6 60. Kd4 Qg5 61. Kc4 Kd6 62. Kb4 Qf4+ 63. Kb3 Kc5 64. Ka3 Qe3+ 65. Ka2 Qd3 66. Ka1 Qb5 67. Ka2 Kc4 68. Ka1 Kc3 69. Ka2 Qb2# 0-1


[Site "https://www.chess.com"]

[Event "Titled Tuesday Blitz June 13 Late 2023"]
[White "Altman, Joshua"]
[Black "Kovalev, Vladislav"]
[WhiteFideId "426210"]
[BlackFideId "13504398"]
[WhiteElo "2028"]
[BlackElo "2555"]
[Result "0-1"]
[Round "2"]
[TimeControl "180+2"]
[Date "2023.06.13"]
[WhiteClock "0:00:06"]
[BlackClock "0:00:12"]
[Board "29"]

1. d4 Nf6 2. c4 e6 3. Nf3 d5 4. Nc3 dxc4 5. e4 b5 6. e5 Nfd7 7. Nxb5 Nb6 8. Be2 Nc6 9. O-O Be7 10. Be3 O-O 11. Rc1 Nb4 12. a3 N4d5 13. Nd2 Ba6 14. Nc3 Nxe3 15. fxe3 c5 16. Nde4 Qc7 17. Qe1 Rad8 18. Qf2 Bb7 19. Rcd1 Kh8 20. Nb5 Qd7 21. Nbd6 Bxe4 22. Nxe4 cxd4 23. exd4 Qb5 24. Bf3 Nd5 25. Rc1 Qd7 26. Rxc4 Nb6 27. Rc2 Qxd4 28. Qxd4 Rxd4 29. Rc7 Rd7 30. Rfc1 Rfd8 31. Rxd7 Rxd7 32. b3 g6 33. b4 Kg7 34. Nc5 Rd2 35. Ne4 Rd7 36. Nc5 Rd8 37. Ne4 Nd5 38. Nc5 Bg5 39. Rc2 Be3+ 40. Kf1 Bd4 41. Ke2 Bxe5 42. Bxd5 Rxd5 43. Nd3 Bd6 44. Rc6 a5 45. bxa5 Bxa3 46. a6 Ra5 47. Rc7 Rxa6 48. Ne5 Bd6 49. Nxf7 Bxc7 0-1


[Site "https://www.chess.com"]

[Event "Titled Tuesday Blitz June 13 Late 2023"]
[White "Tari, Aryan"]
[Black "Mendez Fortes, Eduardo Jesus"]
[WhiteFideId "1510045"]
[BlackFideId "3502376"]
[WhiteElo "2586"]
[BlackElo "2307"]
[Result "1/2-1/2"]
[Round "2"]
[TimeControl "180+2"]
[Date "2023.06.13"]
[WhiteClock "0:00:04"]
[BlackClock "0:00:16"]
[Board "30"]

1. d4 Nf6 2. Nf3 d5 3. Bf4 c5 4. e3 Nc6 5. Nbd2 Qb6 6. dxc5 Qxb2 7. Rb1 Qa3 8. Bb5 e6 9. c4 Be7 10. Ne5 Bd7 11. Rb3 Qxc5 12. O-O a6 13. Nd3 Qa7 14. Ba4 dxc4 15. Nxc4 b5 16. Nd6+ Bxd6 17. Bxd6 bxa4 18. Rb1 Ne4 19. Ba3 Nc3 20. Qg4 Nxb1 21. Qxg7 O-O-O 22. Rxb1 Rhg8 23. Qc3 Qc7 24. Nc5 Na7 25. Nxa6 Rxg2+ 26. Kxg2 Bc6+ 27. Kf1 Bg2+ 28. Kxg2 Qxc3 29. Rb8+ Kd7 30. Rb7+ Kc8 31. Rb8+ Kd7 32. Rb7+ Kc8 33. Rb8+ 1/2-1/2


[Site "https://www.chess.com"]

[Event "Titled Tuesday Blitz June 13 Late 2023"]
[White "Tarlabasi, Emirhan"]
[Black "Aravindh, Chithambaram VR."]
[WhiteFideId "6350275"]
[BlackFideId "5072786"]
[WhiteElo "2200"]
[BlackElo "2596"]
[Result "0-1"]
[Round "2"]
[TimeControl "180+2"]
[Date "2023.06.13"]
[WhiteClock "0:00:09"]
[BlackClock "0:01:13"]
[Board "31"]

1. Nf3 c6 2. c4 d5 3. b3 Nf6 4. Bb2 g6 5. g3 Bg7 6. Bg2 O-O 7. O-O a5 8. Nc3 dxc4 9. bxc4 Na6 10. d4 Be6 11. Qa4 Qb6 12. Ba3 Nb4 13. Rab1 Bxc4 14. Bxb4 axb4 15. Qxb4 Qxb4 16. Rxb4 Ba6 17. Rfb1 Rfd8 18. e3 Ne8 19. Bf1 Nd6 20. Ne5 Bxf1 21. Kxf1 c5 22. Rb6 cxd4 23. exd4 Bxe5 24. dxe5 Nc4 25. Rxb7 Nd2+ 26. Ke2 Nxb1 27. Rxb1 Ra3 28. Rc1 Kg7 29. f4 h5 30. Rc2 h4 31. Ne4 hxg3 32. hxg3 Rh8 33. Nf2 Rxg3 34. Rc7 Ra8 35. Ne4 Rxa2+ 36. Kf1 Rf3+ 37. Ke1 Re3+ 0-1


[Site "https://www.chess.com"]

[Event "Titled Tuesday Blitz June 13 Late 2023"]
[White "Grigoriants, Sergey"]
[Black "Grinev, Valeriy"]
[WhiteFideId "4130804"]
[BlackFideId "14117517"]
[WhiteElo "2502"]
[BlackElo "2366"]
[Result "1-0"]
[Round "2"]
[TimeControl "180+2"]
[Date "2023.06.13"]
[WhiteClock "0:00:49"]
[BlackClock "0:00:00"]
[Board "32"]

1. d4 d5 2. c4 e6 3. Nc3 Nf6 4. cxd5 exd5 5. Bg5 Be7 6. e3 c6 7. Bd3 h6 8. Bh4 O-O 9. Nge2 Ne8 10. Bg3 Nd6 11. O-O Bf5 12. f3 Bxd3 13. Qxd3 Nd7 14. e4 dxe4 15. fxe4 Nb6 16. Rf3 Ne8 17. Raf1 Nc7 18. Nf4 Bf6 19. e5 Bg5 20. Nh5 Ne6 21. Bf2 Nd5 22. Ne4 Ndf4 23. Nxf4 Nxf4 24. Qb3 Qd5 25. Nd6 b6 26. h4 Ne2+ 27. Kh2 Be7 28. Nf5 Rae8 29. Qxd5 cxd5 30. Re1 1-0


[Site "https://www.chess.com"]

[Event "Titled Tuesday Blitz June 13 Late 2023"]
[White "Makaraci, Tunahan"]
[Black "Fressinet, Laurent"]
[WhiteFideId "6356559"]
[BlackFideId "608742"]
[WhiteElo "2160"]
[BlackElo "2633"]
[Result "0-1"]
[Round "2"]
[TimeControl "180+2"]
[Date "2023.06.13"]
[WhiteClock "0:00:34"]
[BlackClock "0:01:34"]
[Board "33"]

1. e4 e5 2. Nf3 Nc6 3. Bc4 Bc5 4. c3 Nf6 5. d4 exd4 6. b4 Be7 7. b5 Na5 8. Bd3 d5 9. e5 Ne4 10. cxd4 O-O 11. O-O Bf5 12. Qc2 c6 13. a4 Rc8 14. Qb2 c5 15. dxc5 Bxc5 16. Be3 Bxe3 17. fxe3 Ng3 18. Bxf5 Nxf5 19. Qe2 Nc4 20. e4 Nfe3 21. Rc1 dxe4 22. Nfd2 Qd4 23. Nb3 Qxe5 24. Nc3 h5 25. h3 Rfe8 26. Nd1 Nxd1 27. Qxd1 Nb2 28. Qd4 Qxd4+ 29. Nxd4 Nd3 30. Rf1 g6 31. Rad1 Rc4 0-1


[Site "https://www.chess.com"]

[Event "Titled Tuesday Blitz June 13 Late 2023"]
[White "Elsa167"]
[Black "WindWhistler11"]
[WhiteElo "2883"]
[BlackElo "2581"]
[Result "1-0"]
[Round "2"]
[TimeControl "180+2"]
[Date "2023.06.13"]
[WhiteClock "0:00:25"]
[BlackClock "0:00:00"]
[Board "34"]

1. d4 Nf6 2. c4 e6 3. Nf3 c5 4. d5 exd5 5. cxd5 Bd6 6. g3 O-O 7. Bg2 Re8 8. O-O Bf8 9. b3 d6 10. Bb2 b6 11. Nfd2 Ba6 12. Re1 Nbd7 13. Nc3 g6 14. a4 Bg7 15. Nb5 Ne5 16. h3 Bxb5 17. axb5 g5 18. Nc4 Ng6 19. Qd3 Qd7 20. Ne3 Ne5 21. Qf5 Qxb5 22. Qxg5 h6 23. Qh4 Qxb3 24. Reb1 Ng6 25. Qa4 Rxe3 26. fxe3 Qxe3+ 27. Kh2 Nh5 28. Ra3 Qxe2 29. Bxg7 Kxg7 30. Rf1 b5 31. Qa6 Re8 32. Qxd6 Re5 33. Rxa7 Re7 34. Rxe7 1-0


[Site "https://www.chess.com"]

[Event "Titled Tuesday Blitz June 13 Late 2023"]
[White "Fantinel, Thibault"]
[Black "Mekhitarian, Krikor Sevag"]
[WhiteFideId "663395"]
[BlackFideId "2107660"]
[WhiteElo "2316"]
[BlackElo "2604"]
[Result "0-1"]
[Round "2"]
[TimeControl "180+2"]
[Date "2023.06.13"]
[WhiteClock "0:00:00"]
[BlackClock "0:00:04"]
[Board "35"]

1. c4 c5 2. g3 Nc6 3. Bg2 g6 4. Nc3 Bg7 5. d3 e6 6. Qd2 Nge7 7. b3 d5 8. Bb2 O-O 9. Nf3 b6 10. O-O Bb7 11. Rac1 d4 12. Na4 Rc8 13. a3 Nb8 14. e3 dxe3 15. fxe3 Bxb2 16. Nxb2 Qd6 17. b4 Rcd8 18. Qc3 Nd7 19. d4 Bxf3 20. Rxf3 e5 21. dxc5 bxc5 22. Rd1 Qc7 23. Rff1 Nb6 24. b5 f5 25. Nd3 Nd7 26. a4 a5 27. e4 f4 28. gxf4 exf4 29. e5 g5 30. h4 h6 31. hxg5 hxg5 32. e6 Nf6 33. Qe5 Qxe5 34. Nxe5 Rxd1 35. Rxd1 g4 36. b6 f3 37. Bf1 Ne4 38. Nd7 Rc8 39. b7 Re8 40. b8=Q Rxb8 41. Nxb8 g3 42. Rd7 Kf8 43. Rd8+ Kg7 44. Nd7 Nf5 45. Ne5 f2+ 46. Kg2 Ne3+ 47. Kf3 Nxf1 48. e7 Nfd2+ 49. Kg4 Nf6+ 50. Kxg3 f1=Q 51. e8=Q Nxe8 52. Rxe8 Ne4+ 53. Kg4 Nf6+ 54. Kg3 Nxe8 0-1


[Site "https://www.chess.com"]

[Event "Titled Tuesday Blitz June 13 Late 2023"]
[White "Zakhartsov, Vladimir"]
[Black "Krishnan, Varun"]
[WhiteFideId "4145097"]
[BlackFideId "5054508"]
[WhiteElo "2508"]
[BlackElo "2579"]
[Result "1-0"]
[Round "2"]
[TimeControl "180+2"]
[Date "2023.06.13"]
[WhiteClock "0:00:12"]
[BlackClock "0:00:20"]
[Board "36"]

1. e4 e5 2. Nf3 Nc6 3. Nc3 Nf6 4. a3 d5 5. exd5 Nxd5 6. Nxe5 Nxe5 7. Qe2 Qd6 8. d4 Nxc3 9. bxc3 Bg4 10. Qxe5+ Qxe5+ 11. dxe5 O-O-O 12. Bd3 Bc5 13. O-O Rhe8 14. Bf4 Bh5 15. a4 Bg6 16. Rad1 Rd7 17. Bb5 c6 18. Rxd7 Kxd7 19. Bd3 Rd8 20. Rd1 Ke8 21. Kf1 Be4 22. f3 Bd5 23. Ke2 g6 24. Be3 Bxe3 25. Kxe3 Ke7 26. g3 Be6 27. Rb1 b6 28. Be4 Bd5 29. Rd1 a5 30. Bxd5 cxd5 31. c4 Rc8 32. cxd5 Rxc2 33. Rb1 Rc4 34. Rxb6 Rxa4 35. Rb7+ Ke8 36. f4 Ra2 37. h3 a4 38. Kd4 a3 39. Kc5 Rb2 40. Ra7 a2 41. g4 h6 42. f5 gxf5 43. gxf5 Kf8 44. f6 Kg8 45. Ra8+ Kh7 46. e6 Kg6 47. e7 Re2 48. Rxa2 Rxa2 49. e8=Q Ra6 50. d6 Ra5+ 51. Kb4 Rd5 52. d7 1-0


[Site "https://www.chess.com"]

[Event "Titled Tuesday Blitz June 13 Late 2023"]
[White "Omranalhosani21"]
[Black "Holt, Conrad"]
[BlackFideId "2034387"]
[WhiteElo "2577"]
[BlackElo "2592"]
[Result "0-1"]
[Round "2"]
[TimeControl "180+2"]
[Date "2023.06.13"]
[WhiteClock "0:00:00"]
[BlackClock "0:00:08"]
[Board "37"]

1. Nf3 d5 2. d3 Nf6 3. g3 c5 4. Bg2 Nc6 5. O-O e5 6. e4 d4 7. a4 Be7 8. Na3 Be6 9. Ng5 Bg4 10. f3 Bd7 11. h4 h6 12. Nh3 Nh5 13. Kh2 g5 14. g4 Nf4 15. Nxf4 exf4 16. h5 Qc7 17. Nc4 b6 18. Bd2 Bf6 19. Qb1 Be6 20. b3 O-O 21. Rc1 Ne5 22. Nxe5 Bxe5 23. Kh1 Qd7 24. Bh3 a6 25. a5 b5 26. Qb2 Rac8 27. Rab1 Rfd8 28. Be1 Bg7 29. Qa3 c4 30. bxc4 bxc4 31. Rb6 Rc6 32. Rcb1 Rdc8 33. Rb7 Qd8 34. R1b6 cxd3 35. Rxc6 Rxc6 36. cxd3 Bf8 37. Qb2 Rc8 38. Bf2 Bg7 39. Rb6 Ra8 40. Kg2 Qd7 41. Rb4 Rd8 42. Rb6 Ra8 43. Rb4 Rd8 44. Rb6 Qa7 45. Rb7 Qc5 46. Qb6 Rc8 47. Rb8 Kh7 48. Rxc8 Qxc8 49. Bxd4 Qc2+ 50. Bf2 Qxd3 51. Qc5 Bc4 52. Kh2 Bc3 53. Bg2 Kg7 54. Qc7 Be6 55. Qc5 Qd2 56. Qc7 Bxa5 57. Qc6 Bc3 58. Bg1 a5 59. Qa6 Bb4 60. Qb5 Bc3 61. Qc5 Qb2 62. Qc6 Qb4 63. Qc7 a4 64. Bc5 Qb1 65. Qe7 Qg1+ 66. Kh3 Qa1 67. Qf8+ Kh7 68. e5 Bxe5 69. Qe7 Bf6 70. Qd6 Qc3 71. Bf1 Kg7 72. Bd3 Be7 73. Qxe7 Qxd3 74. Qf8+ Kf6 75. Qxh6+ Ke5 76. Qxg5+ f5 77. Qg7+ Kd5 78. Qd4+ Qxd4 79. Bxd4 fxg4+ 80. fxg4 Kxd4 81. h6 Bg8 82. g5 Bh7 83. Kg4 Bg6 84. Kxf4 a3 0-1


[Site "https://www.chess.com"]

[Event "Titled Tuesday Blitz June 13 Late 2023"]
[White "Dardha, Daniel"]
[Black "Mortazavi, Ali"]
[WhiteFideId "240990"]
[BlackFideId "401323"]
[WhiteElo "2572"]
[BlackElo "2339"]
[Result "1-0"]
[Round "2"]
[TimeControl "180+2"]
[Date "2023.06.13"]
[WhiteClock "0:00:07"]
[BlackClock "0:00:08"]
[Board "38"]

1. Nf3 Nf6 2. c4 g6 3. g3 Bg7 4. Bg2 O-O 5. b3 d6 6. d4 a5 7. Nc3 Nbd7 8. O-O e5 9. e3 Re8 10. Bb2 exd4 11. Nxd4 Nc5 12. a3 h5 13. b4 axb4 14. axb4 Rxa1 15. Bxa1 Nce4 16. Nxe4 Nxe4 17. Nb3 Bxa1 18. Qxa1 Qe7 19. Re1 h4 20. Qd4 h3 21. Bh1 c5 22. bxc5 dxc5 23. Qb2 Ng5 24. Nd2 Rd8 25. f4 Nh7 26. Nf3 Nf6 27. Ne5 Ng4 28. Nxg4 Bxg4 29. Qxb7 Qxb7 30. Bxb7 Rd2 31. Bd5 Kg7 32. e4 Rg2+ 33. Kf1 Rxh2 34. e5 Rc2 35. Kg1 Rc3 36. Kh2 Rc2+ 37. Kg1 Rc3 38. Kh2 Rc2+ 39. Kh1 Be6 40. Re3 Rd2 41. Rc3 Bg4 42. Re3 Rd1+ 43. Kh2 Rd2+ 44. Kg1 Rd1+ 45. Kh2 Rd2+ 46. Kh1 Bf5 47. Kg1 Bg4 48. Re1 Rc2 49. Rf1 Bf5 50. Rf2 Rc3 51. Kh2 Ra3 52. Bf3 Be6 53. Bd5 Bf5 54. Rb2 Rc3 55. Rd2 Be6 56. Rf2 Bf5 57. Bf3 Kh6 58. g4 Be6 59. Kxh3 Rxc4 60. Bg2 g5 61. f5 Rc3+ 62. Kh2 Bc8 63. Re2 Kg7 64. e6 fxe6 65. fxe6 Kf6 66. e7 Bd7 67. e8=Q Bxe8 68. Rxe8 Rc4 69. Kg3 Rc3+ 70. Bf3 c4 71. Rc8 Rc1 72. Rc5 c3 73. Kf2 c2 74. Be4 Ra1 75. Rxc2 Ra4 76. Bf3 Ke5 77. Re2+ Kf4 78. Kg2 Rd4 79. Rf2 Ke3 80. Re2+ Kf4 81. Re8 Rd2+ 82. Be2 Rc2 83. Kf2 Ra2 84. Rf8+ Ke5 85. Rf5+ Ke4 86. Rxg5 Rb2 87. Rg8 Kf4 88. Rf8+ Kg5 89. Rf5+ Kh4 90. Rh5# 1-0


[Site "https://www.chess.com"]

[Event "Titled Tuesday Blitz June 13 Late 2023"]
[White "Piesik, Piotr"]
[Black "Pap, Gyula"]
[WhiteFideId "1136194"]
[BlackFideId "725323"]
[WhiteElo "2303"]
[BlackElo "2519"]
[Result "1/2-1/2"]
[Round "2"]
[TimeControl "180+2"]
[Date "2023.06.13"]
[WhiteClock "0:00:16"]
[BlackClock "0:00:12"]
[Board "39"]

1. Nf3 d5 2. g3 Nd7 3. Bg2 e5 4. d3 Ngf6 5. O-O c6 6. Nbd2 e4 7. dxe4 dxe4 8. Ng5 e3 9. fxe3 Ne5 10. Nde4 Qxd1 11. Rxd1 Nxe4 12. Nxe4 Bg4 13. Kf2 Be7 14. Nd6+ Bxd6 15. Rxd6 Ke7 16. Rd4 Bf5 17. e4 Be6 18. Bf4 f6 19. Rad1 Rhd8 20. b3 Rxd4 21. Rxd4 a5 22. a4 b6 23. Ke1 c5 24. Rd2 g5 25. Bxe5 fxe5 26. e3 c4 27. Bf1 cxb3 28. cxb3 Rc8 29. Bb5 Rc3 30. Kf2 Rxb3 31. Rc2 Ra3 32. Rc7+ Kf6 33. Rxh7 Ra2+ 34. Ke1 Bg4 35. h4 gxh4 36. gxh4 Bf3 37. Rh6+ Kg7 38. Rxb6 Bxe4 39. Re6 Bc2 40. Rxe5 Bxa4 41. Bxa4 Rxa4 42. h5 Ra2 43. Kd1 a4 44. Kc1 a3 45. Kb1 Rb2+ 46. Ka1 Re2 47. Re6 Kf7 48. Re4 Kf6 49. Rh4 Rxe3 50. h6 Re8 51. h7 Kg7 52. h8=Q+ Rxh8 53. Rxh8 Kxh8 54. Ka2 Kg8 55. Kxa3 1/2-1/2


[Site "https://www.chess.com"]

[Event "Titled Tuesday Blitz June 13 Late 2023"]
[White "Hansen, Eric"]
[Black "Novik, Maxim"]
[WhiteFideId "2606771"]
[BlackFideId "4102924"]
[WhiteElo "2561"]
[BlackElo "2287"]
[Result "1-0"]
[Round "2"]
[TimeControl "180+2"]
[Date "2023.06.13"]
[WhiteClock "0:00:28"]
[BlackClock "0:00:09"]
[Board "40"]

1. d4 Nf6 2. c4 e6 3. Nc3 Bb4 4. e3 O-O 5. Ne2 b6 6. a3 Be7 7. e4 c5 8. d5 d6 9. f3 exd5 10. cxd5 a6 11. a4 Nfd7 12. Ng3 g6 13. Be2 Bf6 14. O-O Bg7 15. f4 Re8 16. Kh1 h5 17. e5 dxe5 18. f5 e4 19. fxg6 fxg6 20. Ngxe4 Ne5 21. Bg5 Qd7 22. a5 Qb7 23. Nd6 Qd7 24. Nxe8 Qxe8 25. axb6 Bf5 26. d6 Nbd7 27. Nd5 Kh7 28. Nc7 Qc8 29. Rxf5 gxf5 30. Bxa6 Rxa6 31. Qxh5+ Kg8 32. Rxa6 Nf8 33. h3 Qb7 34. Qe2 Nfg6 35. Ne6 c4 36. Ra7 Qxb6 37. Rxg7+ Kh8 38. Qh5# 1-0


[Site "https://www.chess.com"]

[Event "Titled Tuesday Blitz June 13 Late 2023"]
[White "Jumabayev, Rinat"]
[Black "Vovk, Orest"]
[WhiteFideId "13702661"]
[BlackFideId "14113490"]
[WhiteElo "2561"]
[BlackElo "2215"]
[Result "1-0"]
[Round "2"]
[TimeControl "180+2"]
[Date "2023.06.13"]
[WhiteClock "0:00:04"]
[BlackClock "0:00:00"]
[Board "41"]

1. c4 g5 2. d4 h6 3. Nc3 Bg7 4. g3 c5 5. d5 Bxc3+ 6. bxc3 d6 7. e4 Qa5 8. Bd2 Nf6 9. Bd3 Nbd7 10. f4 gxf4 11. gxf4 Rg8 12. Nf3 Nf8 13. e5 Nh5 14. Kf2 Bd7 15. Nh4 Rg4 16. Ng2 Ng6 17. e6 Rxg2+ 18. Kxg2 Nhxf4+ 19. Bxf4 Nxf4+ 20. Kg3 fxe6 21. Kxf4 Qxc3 22. Bg6+ Kd8 23. Qd3 Qe5+ 24. Kf3 Kc7 25. h4 Rf8+ 26. Kg2 exd5 27. Rhf1 dxc4 28. Qg3 Qe2+ 29. Kg1 Rg8 30. h5 Bc6 31. Rae1 Qb2 32. Rxe7+ Kc8 33. Qg4+ 1-0


[Site "https://www.chess.com"]

[Event "Titled Tuesday Blitz June 13 Late 2023"]
[White "Korkmaz, Necmettin"]
[Black "Remizov, Yaroslav"]
[WhiteFideId "6303285"]
[BlackFideId "34134015"]
[WhiteElo "2097"]
[BlackElo "2405"]
[Result "1-0"]
[Round "2"]
[TimeControl "180+2"]
[Date "2023.06.13"]
[WhiteClock "0:00:54"]
[BlackClock "0:00:00"]
[Board "42"]

1. e4 c5 2. Nc3 Nc6 3. f4 g6 4. Nf3 Bg7 5. Bb5 Nd4 6. O-O e6 7. e5 f5 8. Nxd4 cxd4 9. Ne2 Qb6 10. Bd3 d6 11. exd6 Qxd6 12. b3 Ne7 13. a4 Nc6 14. Ba3 Qc7 15. Kh1 Bd7 16. Ng1 e5 17. fxe5 Nxe5 18. Re1 O-O-O 19. Nf3 Ng4 20. Qe2 Rde8 21. Qf1 Bc6 22. Qg1 Qf4 23. Rf1 Qh6 24. Bb5 Bxb5 25. axb5 Re2 26. c3 b6 27. Nxd4 Bxd4 28. cxd4 Qxd2 29. Rac1+ Kb7 30. Bd6 Rc8 31. Rxc8 Kxc8 32. Rc1+ Kd7 33. Bg3 f4 34. Qf1 g5 35. h3 Ne3 36. Rc7+ 1-0


[Site "https://www.chess.com"]

[Event "Titled Tuesday Blitz June 13 Late 2023"]
[White "Moroni, Luca Jr"]
[Black "Chor, Kevin"]
[WhiteFideId "865834"]
[BlackFideId "2090740"]
[WhiteElo "2569"]
[BlackElo "2561"]
[Result "1-0"]
[Round "2"]
[TimeControl "180+2"]
[Date "2023.06.13"]
[WhiteClock "0:00:29"]
[BlackClock "0:00:02"]
[Board "43"]

1. d4 Nf6 2. Bf4 c5 3. e3 g6 4. Nf3 Bg7 5. h3 O-O 6. c3 d6 7. Nbd2 Nbd7 8. Bh2 b6 9. Be2 Bb7 10. O-O Ne4 11. Nxe4 Bxe4 12. Nd2 Bb7 13. a4 e5 14. dxe5 Nxe5 15. Nf3 Nc6 16. Bc4 Na5 17. Bd5 Nc6 18. Qd2 Qf6 19. Rad1 Rfd8 20. Rfe1 Rac8 21. e4 Na5 22. Bxb7 Nxb7 23. Qd5 Na5 24. Bxd6 Bf8 25. e5 Qf5 26. Re2 Nc6 27. Red2 Rd7 28. Nh4 Qh5 29. Nf3 Qf5 30. Qd3 Qe6 31. Ng5 Qb3 32. Qg3 Qxa4 33. Kh2 Bg7 34. f4 Re8 35. Qf3 f6 36. Qd5+ Kh8 37. Nf7+ Kg8 38. e6 Rb7 39. b3 Qb5 40. c4 Nb4 41. Qxb7 1-0


[Site "https://www.chess.com"]

[Event "Titled Tuesday Blitz June 13 Late 2023"]
[White "Pinheiro, Iung Alicio de O."]
[Black "Talibov, Shiroghlan"]
[WhiteFideId "2104350"]
[BlackFideId "13429078"]
[WhiteElo "2283"]
[BlackElo "2274"]
[Result "0-1"]
[Round "2"]
[TimeControl "180+2"]
[Date "2023.06.13"]
[WhiteClock "0:00:00"]
[BlackClock "0:00:05"]
[Board "44"]

1. e4 c5 2. Nc3 d6 3. f4 g6 4. Nf3 Bg7 5. Bc4 Nc6 6. O-O Nf6 7. d3 Bg4 8. Qe1 Bxf3 9. Rxf3 Nd4 10. Rf2 O-O 11. h3 Rb8 12. Nb5 Nxb5 13. Bxb5 a6 14. Bc4 d5 15. exd5 Nxd5 16. c3 e6 17. Bb3 Qd7 18. Bd2 Rfe8 19. Qf1 Ne7 20. Rd1 b5 21. Be3 Rbc8 22. g4 Qc7 23. Re2 Kh8 24. Qf2 Red8 25. Qf3 c4 26. dxc4 Rxd1+ 27. Bxd1 Qxc4 28. Bb3 Qc7 29. Qe4 Rd8 30. Rd2 Rxd2 31. Bxd2 h6 32. Kg2 Qd6 33. Be3 Kh7 34. Kf2 Bf6 35. Ke2 Nc6 36. Qd3 Qc7 37. Qe4 Kg7 38. Qd3 Na5 39. Qe4 Nb7 40. Bd4 Bxd4 41. Qxd4+ Kh7 42. Bc2 Nd6 43. Bd3 Kg8 44. Kf2 Nb7 45. h4 Nc5 46. Bc2 Qe7 47. g5 h5 48. Kg3 Qc7 49. Kf2 Nd7 50. Bd3 Nb6 51. Kf3 Nd5 52. a3 Nb6 53. b3 Qb7+ 54. Be4 Qc7 55. Bd3 Nd7 56. c4 Nc5 57. Bc2 bxc4 58. Qxc4 Qd6 59. b4 Nd7 60. Qe4 Nb6 61. Bd3 Nd5 62. Qd4 Qc7 63. Be4 Qxf4+ 64. Ke2 Qg4+ 65. Kd3 Nf4+ 66. Kc4 Qe2+ 67. Bd3 Qf3 68. Qd8+ Kh7 69. Qd4 Qc6+ 70. Kb3 Nd5 71. Bc4 Ne7 72. Qf4 Nf5 73. a4 Qb6 74. a5 Qc6 75. Qe5 Qf3+ 0-1


[Site "https://www.chess.com"]